Map: Primeval Wilds

Players

DiVision - Winner!

  • Race: Protoss Protoss
  • Spawn Location: 9:00

Infamous - Winner!

  • Race: Protoss Protoss
  • League: Gold
  • Spawn Location: 12:00

ossamo - Winner!

  • Race: Protoss Protoss
  • League: Silver
  • Spawn Location: 3:00

Jimzy - Winner!

  • Race: Terran Terran
  • League: Bronze
  • Spawn Location: 12:00

CaveJohnson

  • Race: Terran Terran
  • Spawn Location: 7:00

Raptor

  • Race: Zerg Zerg
  • Spawn Location: 6:00

JamesStewart

  • Race: Terran Terran
  • Spawn Location: 5:00

brayan

  • Race: Terran Terran
  • Spawn Location: 6:00

VOD

Have the link to the VOD?

Description

Time

  • Played on: April 14, 2018, 11:49 a.m.
  • Length: 18:05
Show
View Real Time Build Order
Export as new Build Order

DiVision Protoss - Winner!

Build Orders: Nexus First 

Get SALT Encoding   

  12  0:03  Probe  
  13  0:15  Probe  
  14  0:22  Pylon  
  14  0:27  Probe  
  15  0:40  Probe  
  16  1:03  Nexus  
  16  1:07  Probe (Chrono Boost)  
  17  1:16  Probe (Chrono Boost)  
  18  1:21  Probe (Chrono Boost)  
  18  1:25  Gateway  
  20  1:33  Probe (Chrono Boost)  
  20  1:40  Probe (Chrono Boost)  
  21  1:48  Probe, Pylon  
  22  2:00  Probe (Chrono Boost)  
  23  2:12  Probe (Chrono Boost)  
  23  2:14  Cybernetics Core  
  24  2:18  Probe (Chrono Boost)  
  24  2:20  Probe (Chrono Boost)  
  26  2:23  Assimilator  
  26  2:26  Probe (Chrono Boost), Assimilator  
  26  2:29  Probe (Chrono Boost)  
  28  2:31  Probe (Chrono Boost)  
  28  2:37  Assimilator  
  29  2:38  Probe, Assimilator  
  29  2:42  Probe  
  31  2:50  Probe  
  32  2:54  Probe  
  33  2:59  Pylon  
  33  3:02  Probe  
  34  3:06  Probe (Chrono Boost)  
  34  3:11  Forge  
  35  3:16  Pylon  
  35  3:17  Probe (Chrono Boost)  
  35  3:18  Probe (Chrono Boost)  
  39  3:27  Probe (Chrono Boost)  
  39  3:28  Probe (Chrono Boost)  
  39  3:33  Probe (Chrono Boost)  
  40  3:34  Probe (Chrono Boost)  
  40  3:36  Stargate  
  40  3:37  Stargate  
  40  3:41  Probe  
  41  3:45  Protoss Shields Level 1  
  41  3:47  Stargate  
  42  3:54  Photon Cannon  
  42  3:59  Photon Cannon  
  42  4:05  Photon Cannon  
  42  4:20  Photon Cannon  
  42  4:25  Void Ray (Chrono Boost)  
  42  4:29  Void Ray (Chrono Boost)  
  50  4:41  Probe x2  
  52  4:46  Protoss Air Weapons Level 1 (Chrono Boost)  
  52  4:47  Pylon  
  52  5:00  Void Ray (Chrono Boost)  
  60  5:12  Void Ray (Chrono Boost)  
  60  5:27  Pylon  
  60  5:34  Pylon  
  60  5:35  Void Ray (Chrono Boost)  
  64  5:48  Void Ray  
  68  6:07  Nexus  
  68  6:08  Stargate  
  68  6:11  Probe  
  68  6:12  Probe, Pylon  
  74  6:19  Void Ray (Chrono Boost)  
  74  6:24  Probe x2  
  76  6:32  Void Ray (Chrono Boost)  
  80  6:36  Probe x2  
  82  6:44  Photon Cannon  
  82  6:45  Photon Cannon  
  82  6:48  Probe x2  
  88  7:03  Probe, Void Ray (Chrono Boost)  
  88  7:04  Probe, Void Ray (Chrono Boost)  
  94  7:17  Void Ray (Chrono Boost)  
  94  7:18  Probe x2  
  100  7:30  Probe x2  
  100  7:31  Probe  
  103  7:39  Void Ray (Chrono Boost)  
  103  7:42  Probe  
  108  7:49  Photon Cannon, Assimilator x2  
  108  7:51  Pylon x2  
  108  8:09  Void Ray x2  
  100  8:31  Fleet Beacon  
  92  8:38  Shield Battery  
  92  8:40  Shield Battery  
  92  8:42  Pylon  
  92  8:44  Shield Battery x2  
  92  8:47  Stargate  
  92  8:50  Stargate  
  92  9:14  Tempest x2  
  92  9:15  Photon Cannon, Tempest  
  110  9:18  Photon Cannon  
  110  9:19  Protoss Air Weapons Level 2 (Chrono Boost)  
  110  9:33  Tempest  
  110  9:35  Tempest  
  122  9:56  Pylon  
  122  9:57  Pylon, Tempest (Chrono Boost)  
  122  9:58  Pylon  
  122  9:59  Pylon  
  128  10:02  Pylon  
  128  10:03  Pylon  
  128  10:11  Tempest x2 (Chrono Boost)  
  146  10:27  Tempest (Chrono Boost)  
  146  10:36  Tempest (Chrono Boost)  
  152  10:46  Tempest (Chrono Boost)  
  158  10:50  Nexus  
  158  10:52  Pylon  
  158  11:01  Probe x3  
  158  11:03  Cybernetics Core  
  161  11:13  Probe x3, Tempest  
  170  11:19  Tempest  
  176  11:36  Tempest  
  176  11:37  Protoss Air Armor Level 1 (Chrono Boost)  
  176  11:38  Tempest  
  163  11:56  Tempest  
  155  12:05  Tempest  
  148  12:23  Tempest  
  148  12:26  Pylon  
  154  12:44  Tempest  
  160  12:55  Protoss Air Weapons Level 3 (Chrono Boost)  
  160  13:20  Pylon  
  160  13:23  Tempest (Chrono Boost)  
  160  13:26  Tempest (Chrono Boost)  
  160  13:40  Tempest x2 (Chrono Boost)  
  154  13:44  Tempest (Chrono Boost)  
  130  14:01  Tempest (Chrono Boost)  
Show
View Real Time Build Order
Export as new Build Order

Infamous Protoss - Winner!

Build Orders: Colossus Rush 

Get SALT Encoding   

  12  0:01  Probe  
  13  0:16  Pylon  
  13  0:27  Pylon  
  14  0:28  Probe (Chrono Boost)  
  14  0:39  Probe (Chrono Boost)  
  15  0:44  Probe (Chrono Boost)  
  16  0:50  Gateway  
  16  0:56  Probe (Chrono Boost)  
  17  1:06  Assimilator  
  17  1:20  Pylon, Assimilator  
  17  1:30  Probe  
  18  1:41  Cybernetics Core  
  18  1:45  Probe  
  19  2:03  Nexus  
  19  2:08  Pylon  
  19  2:09  Probe  
  20  2:28  Robotics Facility  
  20  2:32  Warp Gate  
  20  2:47  Probe  
  21  2:55  Pylon  
  21  2:59  Probe  
  22  3:16  Robotics Bay  
  22  3:17  Probe  
  22  3:19  Observer (Chrono Boost)  
  25  3:27  Probe (Chrono Boost)  
  25  3:29  Probe (Chrono Boost)  
  26  3:39  Probe (Chrono Boost), Gateway  
  28  3:42  Probe (Chrono Boost)  
  28  3:47  Probe (Chrono Boost)  
  29  3:48  Pylon  
  29  4:02  Forge  
  29  4:09  Colossus (Chrono Boost)  
  29  4:15  Extended Thermal Lance  
  35  4:21  Probe  
  35  4:23  Assimilator  
  36  4:32  Probe  
  36  4:34  Gateway  
  36  4:36  Probe  
  38  4:48  Pylon  
  38  4:49  Shield Battery  
  38  4:52  Photon Cannon  
  38  5:04  Colossus  
  44  5:07  Stalker  
  46  5:14  Stalker  
  48  5:29  Pylon  
  48  5:34  Probe x2 (Chrono Boost), Assimilator  
  50  5:41  Stalker x2  
  55  5:44  Probe x2 (Chrono Boost)  
  56  5:50  Stalker  
  56  5:52  Probe  
  59  5:57  Probe, Protoss Ground Weapons Level 1  
  60  6:04  Probe, Shield Battery  
  60  6:09  Probe  
  62  6:16  Colossus (Chrono Boost)  
  62  6:23  Sentry x2  
  72  6:49  Stalker x3  
  78  7:07  Colossus (Chrono Boost), Twilight Council  
  84  7:17  Probe x2  
  86  7:54  Pylon  
  86  7:56  Pylon  
  86  7:59  Pylon  
  86  8:08  Colossus (Chrono Boost)  
  90  8:17  Probe x2  
  92  8:20  Stalker x3  
  92  8:22  Blink (Chrono Boost)  
  98  8:35  Pylon  
  98  8:38  Protoss Ground Armor Level 1 (Chrono Boost)  
  98  8:45  Stalker x2  
  98  8:46  Stalker  
  104  8:56  Observer  
  105  9:16  Colossus  
  111  9:24  Stalker x2  
  111  9:25  Stalker  
  117  9:36  Probe  
  118  10:04  Forge  
  118  10:07  Gateway  
  118  10:15  Gateway  
  118  10:31  Pylon  
  118  10:32  Protoss Ground Armor Level 2 (Chrono Boost)  
  118  10:33  Nexus  
  118  10:34  Protoss Shields Level 1 (Chrono Boost)  
  118  10:35  Pylon  
  118  10:37  Pylon  
  118  10:48  Colossus  
  118  10:49  Probe x2  
  126  10:52  Pylon  
  126  10:56  Pylon  
  126  11:00  Photon Cannon  
  126  11:01  Probe  
  126  11:02  Photon Cannon  
  127  11:05  Photon Cannon  
  127  11:07  Photon Cannon  
  127  11:09  Photon Cannon  
  127  11:11  Photon Cannon  
  127  11:13  Photon Cannon  
  127  11:16  Photon Cannon  
  127  11:19  Photon Cannon  
  61  12:22  Colossus  
  67  12:26  Probe x3  
  70  12:38  Probe x2  
  70  12:39  Stalker x3  
  78  12:46  Pylon  
  78  13:20  Photon Cannon  
  78  13:22  Shield Battery  
  78  13:23  Shield Battery  
  78  13:25  Shield Battery  
  78  13:28  Stalker x2, Photon Cannon  
  78  13:30  Photon Cannon, Stalker  
  78  13:32  Photon Cannon  
  84  13:34  Photon Cannon  
  84  13:44  Colossus (Chrono Boost)  
  90  14:14  Stalker x3  
  96  14:29  Robotics Facility  
  96  14:31  Colossus (Chrono Boost)  
  101  14:43  Gateway  
  101  14:46  Gateway  
  101  14:47  Probe x3  
  101  14:48  Gateway  
  101  14:50  Assimilator  
  101  14:51  Gateway  
  104  14:53  Assimilator  
  104  14:56  Gateway  
  104  14:58  Gateway  
  104  14:59  Probe x2  
  106  15:01  Stalker x3  
  110  15:08  Protoss Ground Armor Level 3 (Chrono Boost)  
  110  15:09  Protoss Ground Weapons Level 2 (Chrono Boost)  
  110  15:15  Probe  
  110  15:19  Colossus (Chrono Boost)  
  112  15:47  Colossus (Chrono Boost)  
  118  16:02  Pylon  
  118  16:08  Pylon  
  118  16:13  Pylon  
  118  16:18  Robotics Facility  
  118  16:23  Stalker  
  118  16:24  Stalker x2  
  118  16:25  Stalker  
  126  16:26  Stalker x5  
  126  16:27  Stalker x2  
  140  16:54  Stalker x4  
  140  16:55  Stalker x3  
Show
View Real Time Build Order
Export as new Build Order

ossamo Protoss - Winner!

Build Orders: Oracle Opening 

Get SALT Encoding   

  12  0:17  Pylon  
  12  0:36  Pylon  
  12  0:37  Probe (Chrono Boost)  
  13  0:46  Probe (Chrono Boost)  
  14  0:57  Forge  
  14  1:00  Gateway  
  14  1:05  Probe (Chrono Boost)  
  15  1:16  Assimilator  
  15  1:18  Probe (Chrono Boost)  
  16  1:32  Photon Cannon  
  16  1:44  Photon Cannon  
  16  1:46  Probe  
  17  1:59  Probe, Zealot  
  20  2:14  Cybernetics Core  
  21  2:15  Probe (Chrono Boost)  
  21  2:30  Assimilator  
  21  2:44  Photon Cannon  
  21  2:58  Stargate  
  21  3:05  Probe (Chrono Boost)  
  22  3:15  Probe (Chrono Boost)  
  23  3:20  Probe (Chrono Boost)  
  24  3:35  Nexus  
  24  3:42  Oracle (Chrono Boost)  
  27  3:52  Probe  
  28  4:03  Assimilator  
  28  4:04  Probe  
  29  4:11  Protoss Air Armor Level 1  
  29  4:16  Probe  
  30  4:23  Pylon  
  30  4:41  Phoenix  
  32  5:06  Phoenix  
  34  5:21  Pylon  
  34  5:31  Void Ray  
  34  5:32  Stargate  
  34  5:33  Probe (Chrono Boost)  
  41  5:43  Probe (Chrono Boost)  
  41  5:44  Probe (Chrono Boost)  
  41  5:49  Probe (Chrono Boost)  
  43  5:58  Probe (Chrono Boost)  
  43  5:59  Probe (Chrono Boost)  
  45  6:04  Probe x2 (Chrono Boost)  
  46  6:13  Pylon  
  46  6:16  Probe  
  47  6:22  Assimilator  
  47  6:24  Phoenix (Chrono Boost)  
  49  6:28  Probe  
  50  6:40  Probe  
  50  6:46  Void Ray (Chrono Boost)  
  55  6:50  Void Ray (Chrono Boost)  
  55  6:52  Probe  
  60  7:04  Probe  
  61  7:26  Protoss Air Weapons Level 1 (Chrono Boost)  
  61  7:32  Void Ray (Chrono Boost)  
  69  7:38  Void Ray (Chrono Boost)  
  69  7:40  Probe (Chrono Boost)  
  69  7:42  Fleet Beacon  
  70  7:54  Pylon  
  70  7:58  Pylon  
  70  8:00  Pylon  
  70  8:12  Probe  
  71  8:20  Carrier (Chrono Boost)  
  71  8:24  Probe  
  84  8:34  Stargate  
  84  8:36  Probe  
  84  8:37  Carrier (Chrono Boost)  
  85  8:43  Probe  
  86  8:48  Probe  
  86  8:49  Graviton Catapult  
  87  9:13  Protoss Air Armor Level 2  
  87  9:31  Void Ray  
  87  9:38  Nexus  
  91  9:47  Anion Pulse-Crystals  
  88  10:15  Tempest (Chrono Boost)  
  94  10:23  Pylon  
  94  10:27  Pylon  
  94  10:30  Pylon  
  100  10:44  Stargate  
  100  10:45  Stargate  
  100  10:46  Tempest (Chrono Boost)  
  100  11:00  Void Ray  
  104  11:16  Assimilator  
  106  11:31  Void Ray (Chrono Boost)  
  76  11:50  Phoenix (Chrono Boost)  
  76  11:57  Phoenix (Chrono Boost)  
  76  11:58  Phoenix (Chrono Boost)  
  80  12:07  Phoenix  
  80  12:08  Phoenix  
  84  12:20  Phoenix  
  86  12:23  Phoenix (Chrono Boost)  
  88  12:33  Phoenix (Chrono Boost)  
  92  12:37  Phoenix (Chrono Boost)  
  96  12:52  Phoenix (Chrono Boost)  
  96  12:54  Phoenix (Chrono Boost)  
  98  12:58  Phoenix (Chrono Boost)  
  90  14:35  Tempest x4  
  110  15:18  Tempest x3  
  128  16:00  Void Ray  
Show
View Real Time Build Order
Export as new Build Order

Jimzy Terran - Winner!

Build Orders:  

Get SALT Encoding   

  12  0:34  SCV  
  13  0:46  SCV  
  14  0:56  Supply Depot  
  14  0:59  SCV  
  15  1:18  SCV  
  16  1:24  Barracks  
  16  1:30  SCV  
  17  1:38  Refinery  
  17  1:40  Refinery  
  17  2:44  Orbital Command  
  17  3:09  Marine, Factory, Command Center  
  18  3:27  Marine  
  19  3:45  Marine  
  20  4:02  Marine  
  21  4:17  Supply Depot  
  21  4:18  Supply Depot x2  
  21  4:20  Marine  
  21  4:21  Supply Depot  
  21  4:22  Supply Depot  
  22  4:42  Supply Depot  
  22  4:46  Supply Depot  
  22  4:55  Starport  
  22  5:06  Starport  
  22  5:24  Starport  
  22  5:32  Starport, SCV  
  23  5:39  Factory Tech Lab  
  23  5:44  SCV  
  24  5:50  Starport Tech Lab x2  
  24  5:56  SCV  
  25  6:08  SCV  
  26  6:14  Fusion Core  
  26  6:16  Starport Tech Lab x2  
  26  6:20  SCV  
  23  6:32  SCV  
  24  6:45  SCV  
  25  7:12  Refinery  
  25  7:15  Refinery  
  25  7:24  Command Center  
  25  7:28  Weapon Refit  
  25  8:27  Command Center  
  25  8:43  SCV, Armory  
  25  8:44  Armory  
  26  8:51  Refinery  
  26  8:53  SCV  
  26  8:55  SCV  
  28  9:05  SCV  
  28  9:07  SCV  
  30  9:17  SCV, Refinery  
  30  9:19  SCV  
  32  9:29  SCV  
  33  9:31  SCV  
  34  9:41  SCV  
  35  9:48  Battlecruiser x3  
  53  10:23  SCV  
  53  10:28  SCV  
  55  10:35  SCV x2  
  56  10:40  SCV  
  58  10:42  Refinery  
  58  10:45  Terran Ship Weapons Level 1, Terran Vehicle And Ship Armor Level 1  
  58  10:47  SCV x2  
  60  10:52  SCV  
  61  10:59  SCV  
  61  11:00  Supply Depot, SCV  
  61  11:01  Supply Depot  
  61  11:04  Supply Depot, SCV  
  63  11:06  Supply Depot  
  63  11:08  Supply Depot, Refinery  
  63  11:09  Supply Depot x2  
  64  11:11  SCV  
  64  11:12  SCV  
  64  11:16  SCV  
  67  11:24  SCV, Orbital Command  
  68  11:51  Battlecruiser x2  
  68  11:52  Battlecruiser  
  86  12:00  Orbital Command  
  86  12:07  SCV  
  87  12:19  SCV  
  88  12:32  SCV  
  88  12:33  Battlecruiser  
  95  12:44  SCV  
  96  12:52  SCV  
  96  12:55  Battlecruiser  
  96  12:56  SCV  
  104  13:04  SCV  
  105  13:08  SCV  
  106  13:16  SCV  
  107  13:20  SCV  
  107  13:21  Battlecruiser x2  
  120  13:28  SCV  
  120  13:32  SCV  
  122  13:37  Battlecruiser  
  122  13:41  SCV  
  129  13:44  SCV  
  130  14:03  Battlecruiser  
  136  14:25  Battlecruiser  
  136  14:26  Battlecruiser  
  142  14:41  Battlecruiser  
  148  15:08  Battlecruiser  
  154  15:30  Battlecruiser x2  
  166  15:46  Battlecruiser  
  171  16:12  Battlecruiser  
Show
View Real Time Build Order
Export as new Build Order

CaveJohnson Terran 

Build Orders:  

Get SALT Encoding   

  12  0:19  Refinery  
  12  0:21  Supply Depot  
  12  0:23  SCV  
  13  0:35  SCV  
  14  0:49  Barracks  
  14  1:00  SCV  
  15  1:12  SCV  
  16  1:24  SCV  
  17  1:36  SCV  
  18  1:40  Factory  
  18  1:42  Supply Depot  
  18  2:05  Marine  
  19  2:21  Supply Depot  
  19  2:23  Marine  
  20  2:31  Armory  
  20  2:40  Marine  
  20  2:43  SCV  
  22  2:47  Factory Tech Lab  
  22  2:55  SCV  
  23  2:58  Marine  
  24  3:16  Marine  
  25  3:20  Refinery  
  25  3:24  Terran Vehicle Weapons Level 1  
  25  3:35  Supply Depot  
  25  3:48  Siege Tank  
  28  3:58  Marine, Supply Depot  
  29  4:13  Engineering Bay  
  29  4:15  Marine  
  29  4:16  SCV  
  31  4:23  Supply Depot  
  31  4:33  Marine  
  31  4:36  Siege Tank  
  35  4:45  Supply Depot  
  35  4:51  Marine  
  36  5:09  Marine  
  37  5:15  Supply Depot  
  37  5:30  Hi-Sec Auto Tracking  
  37  5:34  Marine  
  38  5:38  Supply Depot  
  38  5:52  Marine  
  39  6:08  Command Center  
  39  6:10  Marine  
  40  6:14  Terran Ship Weapons Level 1  
  40  6:27  Building Armor  
  40  6:28  Marine  
  41  6:45  Marine  
  42  6:55  Sensor Tower  
  41  7:03  Marine  
  39  7:21  Marine  
  17  7:39  Marine  
  13  7:57  Marine  
  14  8:08  Terran Vehicle And Ship Armor Level 1  
  12  8:14  Marine  
  13  8:22  SCV  
  14  8:32  Marine  
  15  8:35  SCV  
  16  8:47  SCV  
  17  8:48  Starport  
  17  8:59  SCV  
  18  9:11  SCV  
  19  9:23  SCV  
  20  9:35  SCV  
  21  9:42  Liberator  
  24  10:36  SCV  
  25  10:48  SCV  
  26  11:00  SCV  
Show
View Real Time Build Order
Export as new Build Order

Raptor Zerg 

Build Orders: Pool First 

Get SALT Encoding   

  12  0:07  Drone  
  12  0:11  Drone  
  14  0:17  Overlord  
  14  1:02  Spawning Pool  
  13  1:04  Drone  
  13  1:08  Drone  
  13  1:10  Hatchery  
  14  1:17  Drone x2  
  16  1:34  Extractor  
  16  1:39  Extractor  
  14  1:47  Hatchery  
  14  1:51  Drone  
  14  2:09  Spore Crawler  
  13  2:17  Spine Crawler  
  12  2:23  Drone  
  13  2:33  Drone  
  14  2:42  Lair  
  14  2:46  Drone  
  15  2:55  Drone  
  16  3:05  Drone  
  17  3:16  Drone  
  18  3:21  Drone x3  
  21  3:29  Drone  
  22  3:37  Drone  
  23  3:43  Drone x2  
  23  3:47  Drone  
  26  3:52  Drone x2  
  28  3:59  Extractor  
  27  4:03  Extractor  
  26  4:10  Drone x2  
  26  4:11  Drone  
  29  4:18  Spore Crawler  
  29  4:24  Spire  
  27  4:27  Infestation Pit  
  26  4:32  Drone x2  
  26  4:33  Drone  
  29  4:40  Drone x2  
  29  4:45  Drone  
  29  4:56  Spore Crawler  
  20  5:09  Drone x2  
  22  5:32  Spine Crawler  
  21  5:39  Spore Crawler  
  21  5:41  Drone x3  
  23  5:47  Hive  
  23  5:49  Zerg Flyer Weapons Level 1  
  23  5:53  Drone  
  23  5:54  Drone  
  25  6:02  Drone  
  26  6:07  Drone  
  27  6:14  Drone  
  28  6:26  Extractor  
  28  6:27  Extractor, Queen  
  28  6:31  Drone x3  
  31  6:39  Drone  
  32  6:43  Drone  
  33  6:55  Overlord x3  
  25  7:18  Drone x3  
  28  7:23  Mutalisk x2  
  32  7:33  Queen  
  34  7:46  Mutalisk  
  34  7:47  Mutalisk x4  
  44  7:55  Zerg Flyer Weapons Level 2  
  44  8:25  Overlord  
  44  8:26  Overlord x2  
  44  8:49  Mutalisk x4  
  52  9:01  Overlord x2  
  52  9:02  Overlord  
  52  9:23  Mutalisk x2  
  52  9:24  Mutalisk  
  58  9:46  Mutalisk x6  
  70  10:24  Hatchery  
  69  10:30  Spore Crawler, Zerg Flyer Weapons Level 3  
  68  10:37  Mutalisk  
  70  10:55  Mutalisk x2  
  28  12:44  Corruptor x4  
  28  12:45  Corruptor x6  
  28  12:46  Corruptor  
  50  13:09  Spine Crawler, Greater Spire  
  47  14:21  Brood Lord x4  
  47  14:22  Brood Lord  
  39  14:45  Drone x2  
  39  14:46  Drone  
  39  15:04  Spawning Pool  
  39  15:05  Drone  
  39  15:31  Overlord  
  39  15:32  Overlord x2  
  26  15:56  Zergling x4  
  27  16:04  Evolution Chamber  
  27  16:07  Spore Crawler  
Show
View Real Time Build Order
Export as new Build Order

JamesStewart Terran 

Build Orders:  

Get SALT Encoding   

  12  0:03  SCV  
  13  0:15  Supply Depot  
  13  0:22  SCV  
  13  0:28  Refinery  
  14  0:42  SCV  
  15  0:43  Refinery  
  15  0:54  Barracks  
  15  1:14  SCV  
  16  1:28  SCV  
  17  1:40  SCV  
  17  1:45  Factory  
  18  1:52  SCV  
  19  2:04  SCV  
  20  2:16  SCV  
  21  2:28  SCV  
  22  2:34  Armory x2  
  22  2:40  SCV  
  23  2:57  Command Center  
  23  3:09  Supply Depot  
  23  3:12  Factory Tech Lab  
  23  3:28  Terran Ship Weapons Level 1  
  23  3:30  SCV, Terran Vehicle And Ship Armor Level 1  
  24  3:39  Supply Depot  
  24  3:52  Starport  
  24  3:57  Smart Servos  
  24  4:07  Orbital Command  
  24  4:18  SCV  
  24  4:19  Refinery  
  25  4:30  SCV  
  26  4:34  SCV  
  27  4:43  SCV  
  28  4:46  SCV  
  28  4:47  Supply Depot  
  29  4:55  SCV, Starport Reactor  
  29  4:58  SCV  
  31  5:02  Refinery  
  31  5:07  SCV  
  32  5:19  SCV  
  33  5:23  Terran Ship Weapons Level 2  
  33  5:25  Terran Vehicle And Ship Armor Level 2  
  33  5:34  Viking x2  
  37  5:38  SCV  
  38  5:50  SCV  
  39  5:59  SCV  
  39  6:02  SCV  
  41  6:09  Viking  
  41  6:11  SCV  
  44  6:13  Viking  
  44  6:14  SCV  
  47  6:23  SCV  
  48  6:26  SCV  
  49  6:35  SCV  
  49  6:38  SCV  
  49  6:39  Viking  
  53  6:43  Viking  
  55  6:47  SCV  
  56  7:01  Starport x3  
  56  7:09  Viking  
  56  7:13  Viking  
  60  7:39  Viking  
  60  7:43  Viking  
  64  7:44  Starport Tech Lab x2  
  64  7:45  Starport Tech Lab  
  64  8:03  Terran Ship Weapons Level 3  
  64  8:04  Terran Vehicle And Ship Armor Level 3  
  64  8:08  Fusion Core  
  56  8:39  Viking x3  
  56  8:40  Viking x2  
  66  8:49  Starport  
  66  8:52  Starport  
  66  9:04  Command Center  
  66  9:09  Viking x2  
  70  9:28  Supply Depot  
  70  9:33  Starport Tech Lab  
  70  9:35  Starport Tech Lab  
  69  10:00  Supply Depot  
  69  10:12  Viking x2  
  69  10:13  Viking x3  
  79  10:24  Supply Depot  
  79  10:33  Viking  
  79  10:34  Viking  
  83  10:42  Viking x2  
  85  10:43  Viking x2  
  85  10:45  Refinery  
  85  10:48  Refinery  
  91  10:51  SCV  
  91  10:55  Supply Depot  
  92  10:57  Viking  
  92  11:03  SCV, Viking  
  92  11:04  Viking  
  99  11:12  Viking x2  
  99  11:15  SCV  
  104  11:27  SCV  
  105  11:39  SCV  
  72  12:18  Viking x4  
  72  12:19  Viking x3  
  82  12:48  Supply Depot, Viking x4  
  82  12:49  Viking x3  
  96  13:18  Battlecruiser, Viking x3  
  96  13:19  Viking x2  
  74  14:04  Viking x5  
  74  14:05  Viking  
  63  14:22  Viking  
  14  16:45  Barracks  
  6  17:08  Supply Depot  
Show
View Real Time Build Order
Export as new Build Order

brayan Terran 

Build Orders:  

Get SALT Encoding   

  12  0:01  SCV  
  13  0:15  Supply Depot  
  13  0:18  SCV  
  14  0:31  SCV  
  15  0:43  SCV  
  15  0:45  Barracks  
  16  0:55  SCV  
  17  1:07  SCV  
  18  1:19  SCV  
  19  1:36  Supply Depot  
  19  1:39  Refinery  
  19  1:58  Supply Depot  
  19  2:04  SCV  
  19  2:05  Refinery  
  20  2:16  SCV  
  21  2:35  Barracks  
  21  2:36  SCV  
  22  2:48  SCV  
  23  2:53  Marine  
  24  3:11  Marine  
  25  3:16  Orbital Command  
  25  3:25  Factory  
  25  3:29  Marine  
  26  3:34  Barracks Reactor  
  26  3:47  Marine  
  27  4:05  Marine  
  28  4:10  Marine x2  
  28  4:11  Factory  
  30  4:19  Factory Tech Lab  
  30  4:22  Marine  
  31  4:28  Marine x2  
  33  4:40  Marine  
  33  4:42  Siege Tank  
  37  4:46  Marine x2  
  39  4:58  Marine, Armory  
  40  5:04  Marine x2  
  45  5:14  Siege Tank  
  45  5:16  Marine  
  46  6:00  Factory Tech Lab  
  46  6:10  Starport  
  33  6:41  Thor  
  33  6:42  Thor  
  33  6:46  Marine x2  
  47  7:00  Barracks Tech Lab  
  47  7:17  Marine x2  
  49  7:23  Marauder  
  51  7:35  Marine x2  
  53  7:44  Marauder  
  53  7:49  Thor  
  61  7:52  Marine x2  
  61  7:58  Supply Depot  
  63  8:14  Thor  
  54  8:20  Supply Depot  
  50  8:34  SCV  
  51  8:45  Supply Depot  
  51  8:46  SCV  
  52  8:53  Thor  
  58  8:57  Marine x2  
  58  8:58  Marine, SCV  
  62  9:08  Supply Depot  
  62  9:11  SCV  
  62  9:15  Marine x3  
  66  9:23  SCV  
  67  9:33  Marine x3  
  67  9:35  SCV  
  67  9:37  Siege Tank  
  74  9:47  SCV  
  74  9:49  Starport Tech Lab  
  74  9:51  Marine x2  
  74  9:52  Marauder  
  79  9:59  SCV  
  79  10:13  Marauder  
  79  10:45  Engineering Bay  
  79  10:46  Thor  
  85  11:22  Missile Turret  
  82  11:46  SCV  
  74  11:58  SCV  
  27  12:10  SCV  
  10  12:23  SCV  
  11  12:35  SCV  
Tags
 
Add a new tag
Caveats
  • Supply blocks, unpowered buildings, or Contaminate may cause inaccurate times.
  • Supply counts are checked every 10 seconds.